[Event "Marmaris Karya-18 GM-May 2022"]
[Site "Icmeler-Marmaris"]
[Date "2022.05.09"]
[Round "3.1"]
[White "Caglar, Sila"]
[Black "Odeev, Handszar"]
[Result "1/2-1/2"]
[ECO "C41"]
[WhiteElo "2133"]
[BlackElo "2305"]
[Annotator "TA"]
[PlyCount "86"]
[EventDate "2022.05.11"]
[EventCountry "TUR"]
[SourceTitle "playchess.com"]
[Source "ChessBase"]
[SourceQuality "1"]
[TimeControl "5400+30"]

1. e4 e5 2. Nf3 d6 3. d4 exd4 4. Nxd4 Nf6 5. Nc3 Be7 6. Be2 O-O 7. O-O Re8 8. Bc4 {[%emt 0:00:30] C41: Philidor Defence.} Bf8 9. Re1 c6 10. a4 {[%emt 0:06:30] [#] Against b5} d5 $146 ({Predecessor:} 10... Nbd7 11. Bg5 Ne5 12. Bb3 Ng6 13. Qf3 Be7 14. Nf5 Bxf5 15. Qxf5 Qc8 16. Qxc8 Raxc8 {1-0 (57) Nguyen,N (2634)-Demuth,A (2545) Berlin 2015}) 11. exd5 Rxe1+ 12. Qxe1 {[%emt 0:00:30] next Bg5 is good for White.} cxd5 13. Bb5 a6 14. Bd3 Nc6 15. Nxc6 bxc6 16. Bg5 h6 17. Bh4 Be6 18. Qe2 a5 19. h3 Rb8 20. Rb1 Bd6 21. Qf3 Be5 22. Re1 (22. Ne2 $11 {remains equal.}) 22... Qd6 $36 {[%emt 0:00:30][%mdl 2048] White is under strong pressure.} 23. Nd1 Rb4 24. Bxf6 Bxf6 (24... gxf6 25. b3 $11) 25. b3 Rf4 26. Qe2 Bd4 27. Qd2 Bb6 28. Bf1 h5 29. Ne3 h4 30. Bd3 g6 31. Re2 Bc7 (31... Bd7 {is more complex.} 32. Qc3 Rb4 33. Qb2 Kh7) 32. Nf1 Bb6 33. Ne3 $1 Kg7 34. Nf1 g5 35. Qc3+ Kg8 36. Ba6 g4 37. hxg4 Rxg4 {[%emt 0:00:03] White must now prevent ...Qf4.} 38. Bb7 $2 {[%emt 0:02:30][%mdl 8192] [#]} ({Better is} 38. Bc8 $1 $15) 38... Bd7 $2 (38... Qf4 $1 $19 {[%cal Og4g2] and Black stays clearly on top. Threatens to win with ...Rxg2+!} 39. Ba6 (39. Bxc6 $2 Rxg2+ 40. Kxg2 Qg4+ 41. Kh2 Qxe2 $19) 39... Rxg2+ 40. Kxg2 Bd4) 39. Bc8 Bd4 40. Qf3 (40. Qxa5 {[#]} Qg6 $1 41. Ng3 Rxg3 $19) 40... Bxc8 {[%emt 0:01:05] A strong pair of Bishops.} (40... Rf4 $17 41. Qh5 Rxf2 42. Rxf2 (42. Qg5+ Qg6 $17) 42... Bxf2+ 43. Kxf2 Qf6+ 44. Qf3 Qxf3+ 45. Kxf3 Bxc8) 41. Re8+ $11 {[%emt 0:00:00] The position is equal.} Kg7 42. Rxc8 {[%emt 0:00:00] Dancing on a razor blade.} Rg5 (42... Rf4 $5 43. Qh5 Bxf2+ 44. Kh1 Qf6 $11) 43. Ne3 {[%emt 0:01:30] And now Nf5+ would win.} Qg6 {[%emt 0:00:29] Against Nf5+.  Weighted Error Value: White=0.19 (very precise) /Black=0.27 (precise)} 1/2-1/2

[Event "Marmaris Karya-18 GM-May 2022"]
[Site "Icmeler-Marmaris"]
[Date "2022.05.09"]
[Round "3.2"]
[White "Gunduz, Umut Erdem"]
[Black "Darban, Morteza"]
[Result "0-1"]
[ECO "B04"]
[WhiteElo "2316"]
[BlackElo "2279"]
[Annotator "TA"]
[PlyCount "40"]
[EventDate "2022.05.11"]
[EventCountry "TUR"]
[SourceTitle "playchess.com"]
[Source "ChessBase"]
[SourceQuality "1"]
[TimeControl "5400+30"]

1. e4 Nf6 2. e5 Nd5 3. d4 d6 4. Nf3 dxe5 5. Nxe5 c6 6. Be2 Nd7 7. Nf3 {[%emt 0:00:30] B04: Alekhine's Defence: 4 Nf3.} e6 {[%emt 0:00:30] Recently 7...N7f6 got a lot of attention.} 8. O-O b5 9. a4 {[%emt 0:08:30] White is slightly better.} b4 {[%emt 0:02:30] [#]} 10. Nbd2 $146 ({Predecessor:} 10. c4 N5f6 11. Bf4 {½-½ (11) Szieberth,A (2389)-Varga,Z (2503) Budapest 2001}) 10... Be7 11. Nc4 O-O 12. Nce5 Bb7 13. Bd3 c5 14. Ng5 $2 {[%emt 0:11:30] [#]} N7f6 $2 (14... Nxe5 15. Bxh7+ Kh8 16. Qh5 $11) (14... Bxg5 $19 15. Nxd7 Bxc1 16. Bxh7+ Kxh7 17. Nxf8+ Qxf8 18. Rxc1 Kg8) 15. dxc5 Qc7 {[%emt 0:00:30] Inhibits c6.} 16. Qe2 Bxc5 17. Ne4 Nxe4 18. Bxe4 Bd6 19. g3 $2 {[%emt 0:13:00][%mdl 8192] [#]} Rfc8 $2 (19... Bxe5 $19 20. a5 h6) 20. Bf4 Qxc2 $4 {[%emt 0:15:30][%mdl 40960] Weighted Error Value: White=0.92/Black=0.56. Loss on time!?} 0-1

[Event "Marmaris Karya-18 GM-May 2022"]
[Site "Icmeler-Marmaris"]
[Date "2022.05.09"]
[Round "3.3"]
[White "Angun, Batu"]
[Black "Blesic, Vaso"]
[Result "1/2-1/2"]
[ECO "D85"]
[WhiteElo "2326"]
[BlackElo "2264"]
[Annotator "TA"]
[PlyCount "119"]
[EventDate "2022.05.11"]
[EventCountry "TUR"]
[SourceTitle "playchess.com"]
[Source "ChessBase"]
[SourceQuality "1"]
[TimeControl "5400+30"]

1. d4 Nf6 2. c4 g6 3. Nc3 d5 4. cxd5 Nxd5 5. e4 Nxc3 6. bxc3 Bg7 7. Nf3 O-O 8. Be2 c5 9. O-O b6 {[%emt 0:00:30] The modern move.} 10. Qc2 {[%emt 0:00:30] D85: Exchange Grünfeld: Unusual White 7th moves and lines with 7 Nf3.} cxd4 11. cxd4 Bb7 12. Bb2 Qc8 {[%emt 0:00:30] [#]} 13. Bc3 $146 ({Predecessor:} 13. Qd3 Qg4 14. Nd2 Qd7 15. Nb3 Na6 16. Rfd1 Rfd8 17. Qe3 Nb4 18. Qd2 Qa4 19. d5 Bxb2 20. Qxb2 {½-½ (60) Van Foreest,L (2293)-Van Foreest,J (2519) Lueneburg 2015}) 13... Qg4 14. Bd3 Nd7 15. Rfe1 Rfc8 16. Qb2 Qf4 17. Bd2 Qc7 18. Qb3 e6 19. Rac1 Qd6 20. e5 Qf8 (20... Qe7 $14) 21. Bb5 $1 $16 {[%emt 0:03:30] White is much more active. The black rooks are badly placed.} Bd5 22. Qa4 Rxc1 23. Rxc1 (23. Bxc1 $6 a6 24. Bxd7 b5 $11) 23... Nb8 (23... Bh6 $16) 24. Be8 $1 $18 Na6 {[%emt 0:03:30] Prevents Bb4.} 25. Bb5 ({Not} 25. Qxa6 Qxe8 26. Rc7 Qb8 $15) (25. Bc6 $18 {is the precise move to win.} Bxc6 26. Qxc6 (26. Rxc6 Qe8 $11)) 25... Nb8 $1 $16 26. Rc7 ({Better is} 26. Bc4 $16 Bxf3 27. gxf3) 26... a6 $11 27. Be8 b5 28. Qc2 Qxe8 29. Rc8 Nc6 30. Rxe8+ Rxe8 31. Qc5 b4 32. Qb6 ({Don't blunder} 32. Bxb4 $2 Bf8 33. Qc1 Bxb4 $19) 32... a5 33. Qc7 $2 (33. h4 $11 {and White is okay.}) 33... h6 $2 ({Don't do} 33... Bxf3 34. gxf3 Nxd4 35. Qd7 Nxf3+ 36. Kg2 Nh4+ 37. Kh3 $18) (33... a4 $1 $19 {Strongly threatening ...a3.} 34. Qd7 Rf8) 34. Ne1 $1 a4 {[%emt 0:01:30] Hoping for ...Rb8.} 35. Nd3 {[%emt 0:01:12] aiming for Nf4.} b3 36. axb3 axb3 (36... a3 $15 37. Bc3 a2) 37. Bc3 $36 {[%emt 0:00:28][%mdl 2048] White has some pressure.} g5 {[%emt 0:01:08] Inhibits Nf4.} 38. h3 Bf8 39. Nb2 Ra8 40. Kh2 $2 (40. Nd1 $1 $11) 40... Ra1 41. Qc8 Rc1 $4 {[%emt 0:00:31][%mdl 8192] [#]} (41... Kg7 $19 {and all is fine. Threatens to win with ...Rc1.} 42. h4 Be7) 42. Bb4 $1 $18 {[%emt 0:00:10][%mdl 512] The board is on fire.} Nxb4 (42... Rh1+ 43. Kxh1) 43. Qxc1 Nc2 44. Qd2 (44. Qd1 $18 {has better winning chances.}) 44... Bb4 $16 {[%emt 0:00:19] [#]} 45. Qe2 Nxd4 46. Qg4 (46. Qd3 $16 Nc6 47. Qe3) 46... Nc6 $11 47. Nd1 {[%emt 0:01:43] Inhibits Bc3.} Bd2 48. h4 Bf4+ 49. Kg1 Nxe5 50. Qe2 Nc4 51. hxg5 hxg5 52. Nb2 Nxb2 53. Qxb2 g4 54. Qd4 Bh6 {[%emt 0:00:06] A strong pair of Bishops.} 55. Qxg4+ Bg7 {[%emt 0:00:04] White must now prevent ...b2.} 56. Qg5 (56. Qh4 $15) 56... b2 $17 57. Qd8+ Kh7 58. Qh4+ {[%emt 0:00:09] [#]} Kg6 ({Black should play} 58... Bh6 $1 $17 59. Qb4 Bc1 60. Qh4+ Bh6) 59. Qg4+ $11 Kf6 (59... Kh7 $5 60. Qh4+ Bh6 $15) 60. Qf4+ {[%emt 0:00:03] Quite a comeback for White.  Weighted Error Value: White=0.32/Black=0.27 (precise)} 1/2-1/2

[Event "Marmaris Karya-18 GM-May 2022"]
[Site "Icmeler-Marmaris"]
[Date "2022.05.09"]
[Round "3.4"]
[White "Ozdemir, Serhan Berat"]
[Black "Toufighi, Homayoon"]
[Result "0-1"]
[ECO "C04"]
[WhiteElo "2117"]
[BlackElo "2439"]
[Annotator "TA"]
[PlyCount "80"]
[EventDate "2022.05.11"]
[EventCountry "TUR"]
[SourceTitle "playchess.com"]
[Source "ChessBase"]
[SourceQuality "1"]
[TimeControl "5400+30"]

1. e4 e6 2. d4 d5 3. Nd2 Nc6 4. Ngf3 Nf6 5. e5 Nd7 6. Bb5 a6 7. Bxc6 bxc6 8. O-O {[%emt 0:00:30] C04: French Tarrasch: 3...Nc6.} c5 9. c4 Bb7 10. Re1 {[%emt 0:02:30] The position is equal.} Be7 {[%emt 0:00:30] [#]} 11. Nb3 $146 ({Predecessor:} 11. dxc5 Nxc5 12. b3 d4 13. Ba3 Nd3 14. Bxe7 Qxe7 15. Rf1 c5 16. Qb1 Nf4 17. Ne4 {0-1 (30) Garcia Blanco,O (2324)-Quintiliano Pinto,R (2469) Chess.com INT 2021}) 11... dxc4 12. Na5 Bd5 13. Qe2 Nb6 14. Be3 cxd4 15. Nxd4 Qd7 {[%emt 0:00:30] Prevents Ndc6.} 16. Nc2 (16. Rad1 $1 $15) 16... Qb5 17. b4 cxb3 18. Nxb3 (18. axb3 $17 Nd7 19. f4) 18... Qxe2 $19 19. Rxe2 Na4 20. Bd2 Rb8 ({Black should play} 20... c5 $19 21. Ne3 c4 22. Nxd5 exd5) 21. Ne3 $17 c6 {[%emt 0:01:00] Black is more active.} 22. Ba5 Kd7 23. Rc2 Rhc8 24. Rac1 Bg5 {[%emt 0:04:30] A strong pair of Bishops.} (24... Bxb3 $142 25. axb3 Rxb3) 25. Rd2 ({Better is} 25. Rd1) 25... c5 {[%emt 0:02:30][%cal Oc5c4] Hoping for ...c4!} 26. Rc4 {[%emt 0:00:30] [#]} Nb2 $1 27. Rxc5 Bxe3 {[%emt 0:00:30] Chess con chili.} 28. fxe3 Nc4 $36 {[%emt 0:00:30][%mdl 2048] And now ...Rxc5 would win. Black has strong initiative.} 29. Rf2 $2 {[%emt 0:01:30] [#] This move loses the game for White.} (29. Rd1 $17 {might work better.} Nxe3 30. Rd3 Rxc5 31. Nxc5+ Kc6 32. Rxe3 Kxc5 33. Re2) 29... Rxc5 $1 $19 ({Worse is} 29... Nxe5 30. Bc3 Bxb3 31. Rxc8 Rxc8 32. Bxe5 Rc1+ 33. Rf1 Rxf1+ 34. Kxf1 Bc4+ 35. Kf2 $17) 30. Nxc5+ Kc6 31. Nb3 {[%emt 0:00:00] [#]} Rxb3 $1 32. axb3 Nxa5 33. Rxf7 Nxb3 34. Rxg7 a5 35. Rxh7 a4 36. h4 Kb5 (36... Na5 $142 {Strongly threatening ...a3.} 37. Rf7 Bc4) 37. Rf7 a3 {[%emt 0:00:30] Threatens to win with ...a2.} 38. Kh2 $2 (38. Rf2 $19) 38... a2 39. Rf1 Be4 40. Rf4 Bb1 {[%emt 0:00:30] Weighted Error Value: White=0.69/Black=0.15 (very precise)} (40... Bd3 $142 41. Rf6 a1=Q 42. Rxe6 Qe1 43. Re8 Qxh4+ 44. Kg1 Qg3 45. Rb8+ Ka4 46. Ra8+ Na5 47. Rb8 Nc6 48. Rf8 Nxe5 49. Ra8+ Kb3 50. Rb8+ Kc3 51. Rc8+ Kd2 52. Rf8 Ng4 53. Rf2+ Qxf2+ 54. Kh1 Qf1#) 0-1

[Event "Marmaris Karya-18 GM-May 2022"]
[Site "Icmeler-Marmaris"]
[Date "2022.05.09"]
[Round "3.5"]
[White "Inci, Okan"]
[Black "Sevdimaliyev, Urfan"]
[Result "1-0"]
[ECO "A41"]
[WhiteElo "1688"]
[BlackElo "2331"]
[Annotator "TA"]
[PlyCount "75"]
[EventDate "2022.05.11"]
[EventCountry "TUR"]
[SourceTitle "playchess.com"]
[Source "ChessBase"]
[SourceQuality "1"]
[TimeControl "5400+30"]

1. d4 d6 2. Nf3 Bg4 3. c4 Bxf3 4. exf3 c6 5. Nc3 Nd7 6. f4 {[%emt 0:00:30] White is more active. A41: 1 d4 d6: Tartakower System and Modern Defence.} e6 {[%emt 0:00:30] [#]} 7. Qc2 $146 ({White should play} 7. g3 $14) ({Predecessor:} 7. Be2 Ne7 8. O-O d5 9. b3 g6 10. Bf3 Bg7 11. Bb2 O-O 12. g3 dxc4 13. bxc4 {0-1 (52) Pesout,J (2235)-Kulhanek,T (2385) Prague 2012}) 7... Ne7 8. Bd3 {[%emt 0:01:30] The position is equal.} d5 9. b3 g6 10. Bb2 Bg7 11. Ne2 $40 {[%emt 0:07:30][%mdl 128] Black needs to defend precisely.} a5 12. Rd1 O-O 13. O-O Nf6 14. a4 Nf5 15. g3 h5 16. c5 h4 17. Qd2 hxg3 18. hxg3 Ng4 (18... b6 $1 $11 {keeps the balance.}) 19. Bxf5 (19. Kg2 $16) 19... exf5 $11 20. Nc1 Nf6 21. f3 Nh5 22. Kg2 Bh6 (22... Re8 $11) 23. Nd3 $14 Qc7 24. Rde1 f6 {[%emt 0:04:30] [#]} (24... Rae8 $14) 25. Re6 ({White should try} 25. Bc1 $1 $16) 25... Rae8 26. Rfe1 Rxe6 27. Rxe6 g5 (27... Ra8 $14) 28. Qe1 $16 gxf4 (28... Qh7 $16) 29. Re7 $18 {[%emt 0:00:22][%mdl 64] Skewer} Qd8 $2 (29... Qc8 30. Bc1 Ng7) 30. Qe6+ Kh8 {[%emt 0:00:01] [#]} 31. Ne5 $1 {[%emt 0:05:51][%cal Re5g6][%mdl 576] Pin} Ng7 (31... Qxe7 32. Ng6+) 32. Ng6+ Kh7 33. Nxf8+ Qxf8 34. Qxf5+ (34. Rf7 $142 {Qxf5+ would kill now.} Qd8 35. Qxf5+ Kg8 36. Qg6) 34... Kh8 (34... Kg8 $142 35. Qd7 fxg3) 35. Qd7 fxg3 36. Rf7 Qa8 37. Rxf6 Kh7 38. Qh3 {[%emt 0:00:59] Weighted Error Value: White=0.34/Black=0.62} 1-0

[Event "Marmaris Karya-18 GM-May 2022"]
[Site "Icmeler-Marmaris"]
[Date "2022.05.11"]
[Round "4.1"]
[White "Darban, Morteza"]
[Black "Caglar, Sila"]
[Result "1-0"]
[ECO "D02"]
[WhiteElo "2279"]
[BlackElo "2133"]
[Annotator "TA"]
[PlyCount "95"]
[EventDate "2022.05.11"]
[EventCountry "TUR"]
[SourceTitle "playchess.com"]
[Source "ChessBase"]
[SourceQuality "1"]
[TimeControl "5400+30"]

1. Nf3 d5 2. g3 Nf6 3. Bg2 e6 4. O-O Bd6 5. d4 O-O 6. c4 dxc4 {[%emt 0:00:30] Recently 6...h6 got a lot of attention. D02: 1 d4 d5 2 Nf3 sidelines, including 2...Nf6 3 g3 and 2...Nf6 3 Bf4.} 7. Nc3 c5 8. dxc5 Bxc5 {[%emt 0:00:00] White is slightly better.} 9. Qa4 a6 10. Qxc4 Qc7 {[%emt 0:00:00] [#]} (10... Nbd7 $11) 11. Be3 $1 $16 {[%emt 0:02:30] Black is on the road to losing.} Nbd7 12. a4 {[%emt 0:02:30] Inhibits b5.} Bb6 13. Qxc7 Bxc7 {[%emt 0:00:00] [#]} 14. h3 $146 ({Predecessor:} 14. a5 Ng4 15. Bd2 Nge5 16. Nxe5 Nxe5 17. Bf4 f6 18. h4 Rf7 19. Ne4 {½-½ (49) Terasti,P-Lardot,D Haapajarvi 1997}) 14... e5 (14... Nd5 $142) 15. Rac1 Re8 16. Nd2 Nf8 17. Nde4 Nxe4 18. Nxe4 Ne6 19. Rfd1 f5 20. Nd6 {[%emt 0:02:30] White is much more active. The black rooks are badly placed.} Bxd6 21. Rxd6 {[%emt 0:00:00] Threatens to win with Bd5.} f4 (21... e4 $16 22. f3 Nd8) 22. Bb6 $18 Kf7 23. a5 Rb8 24. h4 Ke7 25. Rd5 Kf6 (25... Bd7 $142 26. Rxe5 Kf6) 26. e3 h6 $2 (26... g6 27. exf4 exf4) 27. exf4 exf4 28. Re1 fxg3 29. fxg3 Kf7 30. Rd6 Nf8 31. Rxe8 Kxe8 32. Rd8+ Ke7 {[%emt 0:00:30] [#]} 33. Bh3 $1 {[%emt 0:00:08][%mdl 512] This bishop pair is nice.} Ne6 34. Rg8 Kf7 35. Bxe6+ Kxe6 {[%emt 0:00:00][%mdl 4096] Endgame KRB-KRB} 36. Kf2 ({Don't do} 36. Rxg7 Bd7 37. Rg6+ Kf5 38. Rxh6 Rg8) 36... g5 $2 (36... Kf7 {keeps fighting.} 37. Rd8 g6) 37. hxg5 hxg5 38. Ke3 g4 (38... Kf7 $142) 39. Rd8 Ra8 40. Kf4 {[%emt 0:01:08] Ke4 is the strong threat.} Kf6 41. b3 Rb8 42. Ke3 Ra8 43. Kd4 Ke6 44. Kc5 Rb8 45. Bc7 Ra8 46. Kb6 {[%emt 0:00:02] Threatening mate with Bf4.} Ke7 47. b4 Rb8 48. Ka7 {[%emt 0:00:16] Weighted Error Value: White=0.10 (very precise) /Black=0.72} 1-0

[Event "Marmaris Karya-18 GM-May 2022"]
[Site "Icmeler-Marmaris"]
[Date "2022.05.11"]
[Round "4.3"]
[White "Toufighi, Homayoon"]
[Black "Angun, Batu"]
[Result "1/2-1/2"]
[ECO "A05"]
[WhiteElo "2439"]
[BlackElo "2326"]
[Annotator "TA"]
[PlyCount "130"]
[EventDate "2022.05.11"]
[EventCountry "TUR"]
[SourceTitle "playchess.com"]
[Source "ChessBase"]
[SourceQuality "1"]
[TimeControl "5400+30"]

1. d4 Nf6 2. Nf3 g6 3. g3 Bg7 4. Bg2 O-O 5. O-O d5 6. b3 c5 7. e3 Nc6 8. Bb2 Ne4 9. Nbd2 cxd4 {[%emt 0:02:30] A05: Réti Opening: 1 Nf3 Nf6.} 10. Nxe4 dxe4 11. Nxd4 f5 {[%emt 0:10:00] White is slightly better.} 12. Nxc6 bxc6 13. Bxg7 Kxg7 14. Qe1 Qd6 {[%emt 0:00:00] [#]} 15. Qc3+ $146 ({Predecessor:} 15. Rd1 Qc5 16. c4 Qe5 17. f3 exf3 18. Bxf3 Rf6 19. Qd2 Rd6 20. Qc1 Bd7 21. c5 Rxd1 22. Rxd1 {1-0 (41) Schmittdiel,E (2485)-Kunze,M (2360) Bad Neuenahr 1991}) 15... Qf6 16. Qa5 h5 17. Rad1 Be6 18. Rd4 (18. c4 $14) 18... Rfc8 (18... c5 $11 19. Rd2 (19. Qxc5 Rfc8 $11) 19... h4) 19. Qc5 {[%emt 0:00:30] White is more active.} Rd8 20. Rfd1 (20. Qxc6 Rac8 21. Qb7 Rxd4 22. exd4 Rxc2 $15) 20... Rd5 21. Qa3 Rxd4 22. exd4 h4 23. Qc5 hxg3 24. hxg3 Bf7 25. f3 $1 Bd5 26. c4 (26. fxe4 $1 $16 Bxe4 27. Bxe4 fxe4 28. Rf1) 26... Qg5 $1 $11 27. f4 (27. cxd5 Qe3+ 28. Kf1 (28. Kh2 $2 Rh8+ 29. Bh3 Qf2+ 30. Kh1 Rxh3#) 28... exf3 $17) 27... Qg4 28. Rf1 (28. Qxe7+ Bf7 29. Rf1 (29. Qe5+ $2 Kg8 $19) 29... Qxg3 $17) 28... Bf7 29. Qe5+ (29. Qxe7 Qxg3 30. Qe5+ Kg8 $19) 29... Kf8 $1 (29... Kg8 30. Kf2 Kf8 31. Qc7 $16 (31. Qh8+ Bg8 $11)) 30. Kf2 Rd8 31. Rh1 {[%emt 0:03:39] Strongly threatening Rh7. Chess con chili.} Bg8 {[%emt 0:00:07] Inhibits Rh7.} 32. Rc1 g5 33. Rh1 $2 (33. fxg5 $11 Qxg5 34. Rd1) 33... gxf4 $19 34. gxf4 Rd6 $1 35. Rh3 Re6 $1 (35... Rg6 36. Bf1 $15) 36. Qb8+ (36. Rg3 Rxe5 37. Rxg4) 36... Kf7 $1 37. Bf1 {[%emt 0:00:01] And now Rg3 would win.} (37. Rh8 e3+ 38. Kg1 e2 39. Kh2 e1=Q 40. Qxg8+ Qxg8 41. Rxg8 Kxg8 42. Bf3 Qf2+ 43. Kh3 Rh6+) 37... Rd6 38. c5 $2 (38. Rg3 Qxf4+ 39. Kg2) 38... Qxf4+ $2 (38... Rxd4 {Hoping for ...Rd2+.} 39. Rh8 Rd2+ 40. Ke3 Rd3+ $1 41. Bxd3 Qf3+ 42. Kd2 Qxd3+ 43. Kc1 Qc3+ 44. Kb1 Qxh8) 39. Ke1 Qc1+ 40. Kf2 Qd2+ ({But not} 40... Rxd4 $2 41. Bc4+ e6 42. Rg3 Rd2+ 43. Be2 Qxc5+ 44. Ke1 Qc1+ 45. Kf2 e3+ 46. Rxe3 $17) 41. Be2 Re6 ({Wrong is} 41... Qxd4+ $2 42. Kf1 Rg6 43. Rg3 $19) ({Don't blunder} 41... Rxd4 $2 42. Rg3 Rd8 43. Qe5 Qd4+ 44. Qxd4 Rxd4 45. Bh5+ Kf8 46. Rg5) (41... Rg6 $142 42. Qe5 Re6) 42. Rg3 $2 (42. Kf1 {only move.} Qc1+ 43. Kf2) 42... Bh7 $1 43. Kf1 {[%emt 0:00:01] Black must now prevent Qh8.} Qc1+ 44. Kg2 f4 $2 (44... Qb2 $19 45. Kf1 Qa1+ 46. Kg2 Qxa2) 45. Bh5+ $11 Bg6 46. Rg4 $2 f3+ $19 47. Kh2 Qd2+ 48. Kh3 Qh6 49. Rf4+ Rf6 50. Rxf6+ Kxf6 {[%emt 0:00:24] KQB-KQB} 51. Qe5+ Kf7 52. Qf5+ Kg7 53. Qxg6+ Qxg6 54. Bxg6 {[%emt 0:00:00] KB-KP} e3 55. Kg3 e2 56. Kf2 Kxg6 {[%emt 0:00:04] KP-KP} 57. d5 Kf7 $1 58. dxc6 {[%emt 0:00:06] [#]} Ke8 $1 59. b4 Kd8 60. b5 Kc7 61. Ke1 e5 62. Kf2 e4 63. a3 e3+ 64. Ke1 {[%emt 0:00:05] [#]} a5 $2 (64... a6 $1 {mates} 65. bxa6 Kxc6 66. a4 Kc7 67. a5 Kc6 68. a7 Kb7 69. a8=R Kxa8 70. c6 Ka7 71. c7 Kb7 72. c8=R Kxc8 73. a6 f2+ 74. Kxe2 Kb8 75. a7+ Kxa7 76. Kf1 Kb7 77. Kg2 Kc6 78. Kf1 Kc5 79. Ke2 Kc4 80. Kf1 Kd3 81. Kg2 Ke2 82. Kh3 f1=Q+ 83. Kg4 Qf6 84. Kh5 Qg7 85. Kh4 Kf2 86. Kh5 Kf3 87. Kh4 Qh6#) 65. a4 $11 Kc8 {[%emt 0:00:10] Weighted Error Value: White=0.72/Black=0.27 (precise)} (65... Kd8 $5 66. b6 Kc8 $11) 1/2-1/2

[Event "Marmaris Karya-18 GM-May 2022"]
[Site "Icmeler-Marmaris"]
[Date "2022.05.11"]
[Round "4.4"]
[White "Sevdimaliyev, Urfan"]
[Black "Ozdemir, Serhan Berat"]
[Result "1-0"]
[ECO "A31"]
[WhiteElo "2331"]
[BlackElo "2117"]
[Annotator "TA"]
[PlyCount "71"]
[EventDate "2022.05.11"]
[EventCountry "TUR"]
[SourceTitle "playchess.com"]
[Source "ChessBase"]
[SourceQuality "1"]
[TimeControl "5400+30"]

1. e4 c5 2. Nf3 e6 3. c4 a6 4. Nc3 Qc7 5. Be2 Nf6 6. O-O d6 7. d4 cxd4 8. Nxd4 Be7 9. Be3 O-O 10. Qd2 b6 11. f3 Nbd7 12. a4 {[%emt 0:00:30] has lost popularity (12.Rfc1).} Bb7 13. a5 {[%emt 0:00:30] A31: Symmetrical English: 2 Nf3 Nf6 3 d4.} bxa5 14. Nb3 Rab8 (14... d5 $1 $11 {remains equal.}) 15. Nxa5 $16 {[%emt 0:00:00] White is more active. White is better.} Ba8 16. Rfc1 h5 (16... Rfe8 $142) 17. Na4 {[%emt 0:04:30] [#]} (17. b4 $16) 17... h4 $146 (17... Qd8 $1 $14 {was preferrable.}) ({Predecessor:} 17... Nc5 18. b4 Nxa4 19. Rxa4 Rfc8 20. c5 dxc5 21. Bxa6 Rd8 22. Qc2 Bd6 23. h4 Bf4 {½-½ (23) Skorepa,T (2000)-Ondracek,O (2133) Havlickuv Brod 2015}) 18. b4 $36 {[%emt 0:06:30][%cal Bb2b4,Bb4b5][%mdl 2080] White has strong initiative.} h3 19. g3 Rfd8 20. b5 Nc5 21. Nxc5 dxc5 22. Qe1 Bd6 23. Nb3 (23. bxa6 $6 Rb6 $11) 23... Bb7 24. Qa5 (24. bxa6 Bxa6 25. Ra3 Rb6 $14) 24... Qe7 25. bxa6 Bxa6 {[%emt 0:02:30] Loses the game.} 26. Nxc5 $18 Rb2 27. Bf1 Nh5 $2 (27... Bxg3 {is a better chance.} 28. hxg3 Nh5 29. Bxh3 Nxg3) 28. Nd3 ({And not} 28. Nxa6 Qh4 29. Qg5 (29. gxh4 $2 Bxh2+ 30. Kh1 Ng3#) 29... Qxg5 30. Bxg5 Bxg3 $17) 28... Qh4 {[%emt 0:20:35][%cal Oh4g3] [#] ( -> ...Qxg3+!)} 29. Nxb2 (29. gxh4 $2 {leads to mate.} Bxh2+ 30. Kh1 Ng3#) 29... Nxg3 30. Bg5 Bf4 31. Bxf4 (31. Bxh4 $2 Be3#) 31... Nxe4 32. fxe4 Qxf4 33. Qxd8+ Kh7 34. Qd3 (34. Rc3 $142 Bb7 35. Rxh3+ Kg6 36. Rg3+ Kh7 37. Rh3+ Kg6 38. Raa3 Bxe4 39. Rag3+ Qxg3+ 40. Rxg3+ Kh7 41. Qf8 Bg6 42. Rh3+ Bh5 43. Qxf7 Kh8 44. Rxh5#) 34... Bb7 35. Qxh3+ Kg8 36. Bg2 {[%emt 0:00:15] Weighted Error Value: White=0.07 (flawless) /Black=0.96} 1-0

[Event "Marmaris Karya-18 GM-May 2022"]
[Site "Icmeler-Marmaris"]
[Date "2022.05.11"]
[Round "4.5"]
[White "Odeev, Handszar"]
[Black "Inci, Okan"]
[Result "1-0"]
[ECO "C23"]
[WhiteElo "2305"]
[BlackElo "1688"]
[Annotator "TA"]
[PlyCount "71"]
[EventDate "2022.05.11"]
[EventCountry "TUR"]
[SourceTitle "playchess.com"]
[Source "ChessBase"]
[SourceQuality "1"]
[TimeControl "5400+30"]

1. e4 e5 2. Qf3 Nf6 3. Bc4 Nc6 4. Ne2 d6 5. Nbc3 Be6 {[%emt 0:00:30] [#]} 6. Nd5 $146 {[%emt 0:03:30] C23: Bishop's Opening: 2...Bc5.} ({Predecessor:} 6. Bb3 d5 7. exd5 Bxd5 8. Nxd5 Bd6 9. Nxf6+ gxf6 10. Qh5 Rf8 11. d3 Qd7 12. Bh6 {1-0 (44) Sanchez Heras,A-Orozco Aguilera,R Chess.com INT 2020}) 6... Bxd5 7. exd5 e4 8. Qc3 {[%emt 0:09:30] White is slightly better.} Ne5 9. Bb3 Be7 10. d4 exd3 $1 11. cxd3 O-O 12. d4 Ng6 13. O-O Ne4 (13... Re8 $11) 14. Qd3 $16 {[%emt 0:02:30] Black is on the road to losing.} f5 (14... Nf6 $142) 15. f3 Ng5 16. Bd2 Qd7 17. Rac1 Kh8 18. Qc4 Rac8 19. Ba4 Qd8 20. Ba5 (20. Qd3 $18) 20... b6 21. Bd2 {[%emt 0:00:00] White is more active.} Bf6 (21... c5 $16 {was necessary.} 22. dxc6 d5) 22. g3 h5 (22... a6 {was called for.}) 23. h4 Nh7 24. Bb5 Bxh4 (24... Rf7 {keeps fighting.} 25. Qd3 Kg8) 25. gxh4 $18 Qxh4 26. Kg2 {[%emt 0:05:27] aiming for Rh1.} f4 27. Rh1 Qg5+ 28. Kf2 $1 {[%emt 0:00:03] White is clearly winning.} ({Inferior is} 28. Kf1 Nh4 29. Rg1 {[#]} (29. Ke1 Nxf3+ 30. Kd1 Nxd2 $17) 29... Nxf3 $1 30. Rxg5 Nxd2+ 31. Kf2 Nxc4 32. Rxh5 g6 $1 33. Rxh7+ Kxh7 $11) 28... Rf5 (28... Nh4 $2 29. Rcg1 Qe7 30. Qd3 $18) (28... Rf7 $142 29. Rcg1 Qh6) 29. Rcg1 Qh6 30. Bd7 Rcf8 31. Bxf5 Rxf5 32. Qxc7 h4 33. Qc8+ Rf8 34. Qg4 Rf6 35. Nc3 Nhf8 36. Ne4 {[%emt 0:00:20] Weighted Error Value: White=0.08 (flawless) /Black=0.41} 1-0